[Event "Live Chess"]
[Site "Chess.com"]
[Date "2023.05.20"]
[Round "-"]
[White "ViktorTheCoolBoy"]
[Black "ameetghasi100"]
[Result "1/2-1/2"]
[WhiteElo "2532"]
[BlackElo "2703"]
[TimeControl "300"]
[EndTime "12:34:43 PDT"]
[Termination "Game drawn by repetition"]

1. d4 Nf6 2. c4 e6 3. g3 c5 4. Nf3 cxd4 5. Nxd4 Bb4+ 6. Bd2 Bc5 7.
Nb3 Be7 8. Bg2 h5 9. h3 Nc6 10. Nc3 Ne5 11. c5 Nc4 12. Bc1 d5 13. cxd6 Qxd6 14.
O-O a6 15. Qc2 Qc7 16. Bf4 e5 17. Bg5 Be6 18. Rac1 Nb6 19. Bxf6 gxf6 20. Ne4 Qxc2 21.
Rxc2 Nd5 22. Nec5 Rc8 23. a3 Nb6 24. Rfc1 Bf5 25. e4 Bd7 26. Na5 Bxc5 27. Rxc5 Rxc5 28.
Rxc5 Ke7 29. Nxb7 Rb8 30. Na5 Na4 31. Nc6+ Bxc6 32. Rxc6 Rxb2 33. Rxa6 Rb1+ 34. Kh2 Nc5 35. Ra7+ Kf8 36. Bf3 Rb2 37. Kg1 h4 38. gxh4 Rb3 39. Bh5 Rxh3 40. Bxf7 Rxh4 41. Bd5 Nxe4 42. Bxe4 Rxe4 43.
a4 Ke8 44. a5 Kd8 45. Kg2 Kc8 46. Rf7 Rf4 47. a6 Kb8 48. a7+ Ka8 49. f3 Rf5 50.
Kg3 Rf4 51. Kg2 Rf5 52. Kg3 Rf4 53. Kg2 1/2-1/2

[Event "Live Chess"]
[Site "Chess.com"]
[Date "2023.05.20"]
[Round "-"]
[White "f4nomore"]
[Black "lateforthesky"]
[Result "0-1"]
[WhiteElo "1372"]
[BlackElo "2090"]
[TimeControl "300"]
[EndTime "12:34:59 PDT"]
[Termination "lateforthesky won on time"]

1. d4 Nf6 2. Bg5 Ne4 3. Bh4 c5 4. d5 g5 5. Bg3 Bg7 6. c3 d6 7. Nf3 h5 8. Nfd2 Bf5 9. Nxe4 Bxe4 10. f3 Bg6 11. e4 Nd7 12. Be2 Qb6 13. O-O Qxb2 14.
Nd2 Qxc3 15. Rb1 Rb8 16. Rb3 Qa5 17. Be1 Qc7 18. Nc4 O-O 19. Qb1 Ne5 20. Na5 b6 21.
Nc4 Nxc4 22. Bxc4 Kh7 23. a4 Bd4+ 24. Kh1 Rbe8 25. a5 Rb8 26. axb6 Rxb6 27. Rxb6 Qxb6 28.
Qxb6 axb6 29. Bb5 Ra8 30. Bd2 Bf6 31. Bc6 Ra2 32. Be3 Re2 33. Bg1 Kg7 34. h3 Be5 35.
Rb1 g4 36. hxg4 hxg4 37. Rxb6 gxf3 0-1

[Event "Live Chess"]
[Site "Chess.com"]
[Date "2023.05.20"]
[Round "-"]
[White "MrDodgy"]
[Black "omisoc"]
[Result "1-0"]
[WhiteElo "2286"]
[BlackElo "2185"]
[TimeControl "300"]
[EndTime "12:35:06 PDT"]
[Termination "MrDodgy won by resignation"]

1. e4 b6 2. d4 Bb7 3. Nc3 e6 4.
Nf3 Bb4 5. Bd3 Nf6 6. e5 Nd5 7. Bd2 Nxc3 8. bxc3 Be7 9. Qe2 O-O 10. h4 d6 11. Bxh7+ Kxh7 12. Ng5+ 1-0

[Event "Live Chess"]
[Site "Chess.com"]
[Date "2023.05.20"]
[Round "-"]
[White "LodeshChess"]
[Black "EdenHazard8"]
[Result "0-1"]
[WhiteElo "1000"]
[BlackElo "2089"]
[TimeControl "300"]
[EndTime "12:35:21 PDT"]
[Termination "EdenHazard8 won by resignation"]

1. e4 e5 2. Nf3 Nc6 3. c3 Nf6 4. d4 exd4 5. e5 Nd5 6. Qb3 Nb6 7. cxd4 d5 8. Bb5 Be6 9. Bxc6+ bxc6 10. O-O Be7 11. Nc3 O-O 12. Qc2 c5 13. Be3 cxd4 14.
Bxd4 c5 15. Be3 d4 16. Ng5 Bxg5 17. Bxg5 Qxg5 18. Ne4 Qg6 19. Qe2 Bd5 20. Ng3 f5 21.
exf6 Rxf6 22. b3 Raf8 23. Qa6 h5 24. Qxa7 h4 25. Rae1 hxg3 26. fxg3 R6f7 27. Rxf7 Rxf7 28.
Re8+ Kh7 29. Re7 Qb1+ 0-1

[Event "Live Chess"]
[Site "Chess.com"]
[Date "2023.05.20"]
[Round "-"]
[White "Ian-Morley"]
[Black "gmnorfolk"]
[Result "0-1"]
[WhiteElo "1003"]
[BlackElo "2053"]
[TimeControl "300"]
[EndTime "12:35:22 PDT"]
[Termination "gmnorfolk won by checkmate"]

1. e4 e5 2. Nf3 Nc6 3. Bc4 Nf6 4. Ng5 d5 5. exd5 Na5 6. Bb5+ c6 7. dxc6 bxc6 8. Qf3 Rb8 9. Bxc6+ Nxc6 10. Qxc6+ Nd7 11. Nf3 Bb7 12. Qa4 Bd6 13. d4 O-O 14. dxe5 Bxf3 15.
gxf3 Nxe5 16. f4 Rb4 17. Qa6 Re4+ 18. Be3 Nc4 19. Qxa7 Rfe8 20. Nd2 Bb4 21. c3 Rxe3+ 22. fxe3 Qxd2+ 23. Kf1 Nxe3+ 24. Kg1 Qg2# 0-1

[Event "Live Chess"]
[Site "Chess.com"]
[Date "2023.05.20"]
[Round "-"]
[White "LiamBellwood"]
[Black "TheSmoulderingMaster"]
[Result "1-0"]
[WhiteElo "2059"]
[BlackElo "1729"]
[TimeControl "300"]
[EndTime "12:35:25 PDT"]
[Termination "LiamBellwood won by resignation"]

1. d4 Nf6 2. Nc3 d6 3. Bf4 g6 4. e4 Bg7 5. Qd2 O-O 6. O-O-O c6 7. Bh6 b5 8. f3 a5 9. h4 a4 10. h5 b4 11. Nce2 b3 12. cxb3 axb3 13. a3 Qa5 14. Nc3 Na6 15. Bxg7 Kxg7 16. hxg6 fxg6 17. Qh6+ Kf7 18.
Bc4+ d5 19. Bxb3 Rb8 20. Ba2 Qb6 21. Rd2 Ke8 22. e5 Nd7 23. Qxh7 Qa5 24. Qxg6+ Kd8 25. Qxc6 Bb7 26. Qb5 Qc7 27. Kd1 Bc8 28. Qxd5 Rxb2 29. Rxb2 Qxc3 30. Rc2 Qa1+ 31. Kd2 Rf4 32. Rh8+ 1-0

[Event "Live Chess"]
[Site "Chess.com"]
[Date "2023.05.20"]
[Round "-"]
[White "profpirate4"]
[Black "wot-not"]
[Result "0-1"]
[WhiteElo "1067"]
[BlackElo "1484"]
[TimeControl "300"]
[EndTime "12:35:32 PDT"]
[Termination "wot-not won by checkmate"]

1. d4 Nf6 2. c4 c5 3. d5 d6 4. Nc3 e5 5. Bg5 Be7 6. Bxf6 Bxf6 7. e4 O-O 8. Nf3 Nd7 9. Be2 Re8 10. O-O Nf8 11. Nd2 Ng6 12. f3 Nf4 13. a3 g6 14. b4 b6 15. Ra2 Bg7 16. Qc2 Qg5 17. Rf2 Nh3+ 18. Kf1 Nxf2 19. Kxf2 Qh4+ 20.
Kg1 Bh6 21. Nf1 Qg5 22. Ng3 Qf6 23. Qa4 Be3+ 24. Kf1 Bb7 25. bxc5 bxc5 26. Qd7 Rab8 27. Nb5 Qh4 28. Nxd6 Re7 29. Qh3 Qf4 30. Rb2 Bd4 31. Rb1 Qe3 32. Ke1 Qg1+ 33. Bf1 Qe3+ 34. Ne2 Bc3+ 35. Kd1 Qd2# 0-1

[Event "Live Chess"]
[Site "Chess.com"]
[Date "2023.05.20"]
[Round "-"]
[White "JohanKjeldahl"]
[Black "SupremeTactician"]
[Result "0-1"]
[WhiteElo "1790"]
[BlackElo "2381"]
[TimeControl "300"]
[EndTime "12:35:34 PDT"]
[Termination "SupremeTactician won by resignation"]

1. c4 c5 2. Nc3 Nc6 3. Nf3 g6 4.
d4 cxd4 5. Nxd4 Bg7 6. Nc2 Nf6 7. e4 d6 8. f3 Nd7 9. Be3 Qa5 10. Qd2 O-O 11.
Be2 Nde5 12. Nd5 Qxd2+ 13. Bxd2 Bd7 14. Bc3 f5 15. O-O fxe4 16. fxe4 Rxf1+ 17. Rxf1 Rf8 18. Rxf8+ Kxf8 19. h3 Kf7 20. Kf2 a6 21. Nd4 Nxd4 22.
Bxd4 Nd3+ 23. Bxd3 Bxd4+ 24. Kf3 Bxb2 25. g4 h5 26.
gxh5 gxh5 27. h4 Bf6 28. Kg3 Be5+ 29. Nf4 Bxf4+ 30. Kxf4 Kf6 31. Be2 Be8 32. Bf3 Bg6 33. Ke3 Ke5 34. Bg2 Bf7 35. Bf1 Bg6 36. Bd3 e6 37. a3 d5 38. cxd5 exd5 39. exd5 Bxd3 40. Kxd3 Kxd5 41. Ke3 Ke5 42. Kf3 b5 43. Ke3 a5 0-1

[Event "Live Chess"]
[Site "Chess.com"]
[Date "2023.05.20"]
[Round "-"]
[White "manthanit"]
[Black "AdamOwls"]
[Result "0-1"]
[WhiteElo "994"]
[BlackElo "1958"]
[TimeControl "300"]
[EndTime "12:35:35 PDT"]
[Termination "AdamOwls won by checkmate"]

1. e4 c5 2. g3 e6 3. Bg2 Nc6 4.
a3 Qc7 5. Nf3 Nf6 6. d3 Be7 7.
O-O O-O 8. Re1 a6 9. Bg5 b5 10. e5 Nd5 11. Bxe7 Ndxe7 12. c3 d6 13. d4 dxe5 14.
Nxe5 Bb7 15. dxc5 Nxe5 16. Bxb7 Qxb7 17. Rxe5 Ng6 18. Re1 Rad8 19. Qh5 Rd5 20. Qf3 Qc7 21. b4 Rfd8 22. a4 Ne5 23. Qh5 bxa4 24. Na3 Nd3 25.
Red1 Rxh5 26. Rd2 Rhd5 27. Rad1 Nf4 28. Rxd5 Nxd5 29. Nc4 Nxc3 30. Rxd8+ Qxd8 31. Nd6 a3 32. Kf1 a2 33. Ke1 a1=Q+ 34. Kd2 Qb2+ 35. Ke3 Nb5 36. Kf3 Nxd6 37. cxd6 Qxd6 38. Kg2 Qd5+ 39. Kg1 Qc1# 0-1

[Event "Live Chess"]
[Site "Chess.com"]
[Date "2023.05.20"]
[Round "-"]
[White "martynstanley"]
[Black "OleksiyJr1"]
[Result "0-1"]
[WhiteElo "970"]
[BlackElo "942"]
[TimeControl "300"]
[EndTime "12:35:55 PDT"]
[Termination "OleksiyJr1 won by checkmate"]

1. d4 Nf6 2. e3 c6 3. Bd3 d5 4.
c3 e6 5. f4 Bd6 6. Nf3 O-O 7.
O-O Nbd7 8. Ne5 Nxe5 9. fxe5 Ne4 10. exd6 Qxd6 11. Nd2 Nxd2 12. Bxd2 e5 13. Bxh7+ Kxh7 14. Qh5+ Kg8 15. e4 dxe4 16. Bh6 Qxh6 17. Qxh6 gxh6 18.
Rfe1 Bf5 19. dxe5 Rfe8 20. Re2 Rxe5 21. Rae1 Rd8 22. h3 Rd3 23. g4 Bg6 24. Kf2 h5 25. gxh5 Bxh5 26. Re3 Rd2+ 27. Kg3 Rg5+ 28. Kh4 Re5 29. Kg3 Bg6 30. h4 Rxb2 31. a4 Ra2 32. Kf4 Rxa4 33. Kg4 Rc4 34. h5 Bh7 35. h6 f5+ 36.
Kf4 Re6 37. Rg1+ Kh8 38. Rg2 Rxh6 39. Rd2 Rh4+ 40. Ke5 Rc5+ 41. Kd6 Rd5+ 42. Rxd5 cxd5 43. Kxd5 Bg8+ 44. Ke5 Bh7 45. c4 Rh6 46. c5 Rc6 47. Rc3 b6 48. Kf4 Rxc5 49. Rxc5 bxc5 50. Ke3 a5 51.
Kd2 a4 52. Kc3 f4 53. Kd2 f3 54. Ke3 a3 55. Kf4 f2 56. Ke3 f1=Q 57. Kd2 Qd3+ 58.
Kc1 Qe2 59. Kb1 a2+ 60. Ka1 Qd1+ 61. Kxa2 c4 62. Kb2 c3+ 63. Kxc3 Qd3+ 64. Kb2 e3 65. Kc1 e2 66. Kb2 e1=Q 67. Ka2 Qee2+ 68. Ka1 Qdd1# 0-1

[Event "Live Chess"]
[Site "Chess.com"]
[Date "2023.05.20"]
[Round "-"]
[White "HoarseyHorsey"]
[Black "Richardallis"]
[Result "0-1"]
[WhiteElo "1392"]
[BlackElo "1763"]
[TimeControl "300"]
[EndTime "12:36:02 PDT"]
[Termination "Richardallis won by resignation"]

1. d4 c5 2. d5 d6 3. c4 e5 4. e4 f5 5. Nc3 Nf6 6. Bd3 f4 7.
g3 fxg3 8. hxg3 g6 9. f4 Nbd7 10. Nf3 Qe7 11. Bd2 a6 12. Qe2 Bg7 13. O-O-O O-O 14.
Rdg1 Ng4 15. Nh2 Nxh2 16. Rxh2 Nf6 17. f5 Bd7 18. fxg6 hxg6 19. Bh6 Ng4 20. Bxg7 Qxg7 21.
Rh4 Rf2 22. Qe1 Raf8 23. Rgh1 Rg2 24. Rf1 Rxf1 25. Bxf1 Rf2 26. Rxg4 Rxf1 27. Qxf1 Bxg4 28. Qf2 Qh6+ 29. Kc2 Qh1 30. Kb3 Bd1+ 31. Nxd1 Qxd1+ 32. Kc3 Qd4+ 33. Qxd4 exd4+ 34. Kd3 Kf7 35. g4 Kf6 36. a3 a5 37. b4 0-1

[Event "Live Chess"]
[Site "Chess.com"]
[Date "2023.05.20"]
[Round "-"]
[White "Conradical12"]
[Black "atunnacl"]
[Result "0-1"]
[WhiteElo "1571"]
[BlackElo "1866"]
[TimeControl "300"]
[EndTime "12:36:12 PDT"]
[Termination "atunnacl won by resignation"]

1. e4 c5 2. Nf3 d6 3. d4 cxd4 4.
Nxd4 Nf6 5. Nc3 a6 6. Bf4 e5 7. Nd5 Nxd5 8. exd5 exf4 9. Bc4 Be7 10. Qd3 O-O 11.
O-O-O 0-1

[Event "Live Chess"]
[Site "Chess.com"]
[Date "2023.05.20"]
[Round "-"]
[White "azimchess2019"]
[Black "ameetghasi100"]
[Result "0-1"]
[WhiteElo "1362"]
[BlackElo "2703"]
[TimeControl "300"]
[EndTime "12:36:19 PDT"]
[Termination "ameetghasi100 won by resignation"]

1. d4 c5 2. d5 e6 3. dxe6 fxe6 4. Nc3 Nc6 5. e4 Nf6 6. Nf3 d6 7. Bb5 Bd7 8. O-O Qc7 9. Bf4 Nh5 10. Bg3 a6 11. Bc4 Be7 12. a3 b5 13. Be2 O-O 0-1

[Event "Live Chess"]
[Site "Chess.com"]
[Date "2023.05.20"]
[Round "-"]
[White "Leonid_Starozhilov"]
[Black "bristolunichess"]
[Result "1-0"]
[WhiteElo "2644"]
[BlackElo "1773"]
[TimeControl "300"]
[EndTime "12:36:21 PDT"]
[Termination "Leonid_Starozhilov won by checkmate"]

1. e4 e6 2. d4 d5 3. Nc3 Nf6 4.
Bg5 Be7 5. e5 Nfd7 6. h4 a6 7.
Nf3 c5 8. dxc5 Nxc5 9. Bd3 Nc6 10. Qe2 Bd7 11. a3 b5 12. O-O b4 13. axb4 Nxb4 14.
Rfd1 h6 15. Be3 Ncxd3 16. cxd3 Bxh4 17. Nxh4 Qxh4 18. Bc5 Nc6 19. Ra4 Qg5 20. Bd6 h5 21.
Rda1 Nxe5 22. Bxe5 Bxa4 23. Rxa4 O-O 24. d4 f6 25. Bd6 Rfd8 26. Qxe6+ Kh7 27. Bg3 Qc1+ 28.
Kh2 Qxb2 29. Nxd5 Qc2 30. Ra5 Re8 31. Nxf6+ gxf6 32. Qf7+ Kh8 33. Rxh5+ Qh7 34. Rxh7# 1-0

[Event "Live Chess"]
[Site "Chess.com"]
[Date "2023.05.20"]
[Round "-"]
[White "LanceMaster23"]
[Black "LutherSullivan"]
[Result "0-1"]
[WhiteElo "1859"]
[BlackElo "1968"]
[TimeControl "300"]
[EndTime "12:36:30 PDT"]
[Termination "LutherSullivan won by resignation"]

1. Nf3 Nf6 2. d4 d5 3. Bf4 c5 4. e3 Nc6 5. Be2 Qb6 6. b3 cxd4 7. exd4 Bf5 8. O-O e6 9. c4 dxc4 10. bxc4 Rd8 11. Nc3 Nxd4 12. Nxd4 Rxd4 13. Qa4+ Qc6 14. Qxc6+ bxc6 15. Be3 Rd7 16. Bf3 Bb4 17. Bxc6 Bxc3 18. Rad1 e5 19. Bxa7 O-O 20. Bxd7 Bxd7 21. Bc5 Rc8 22.
Be7 Bd4 23. Rc1 Be6 24. c5 Bxa2 25. c6 Nd5 26. Bd6 Nf4 27. Rc2 Bb3 28. Rd2 f6 29.
Rb1 Be6 30. c7 Kf7 31. Rb8 Ke8 32. Rxd4 Ne2+ 33. Kf1 Nxd4 0-1

[Event "Live Chess"]
[Site "Chess.com"]
[Date "2023.05.20"]
[Round "-"]
[White "zdanevych"]
[Black "Ocelot32"]
[Result "1-0"]
[WhiteElo "1519"]
[BlackElo "1386"]
[TimeControl "300"]
[EndTime "12:36:34 PDT"]
[Termination "zdanevych won by checkmate"]

1. d4 Nf6 2. c4 e6 3. Nc3 d5 4.
cxd5 exd5 5. Nf3 Be7 6. h3 O-O 7. Bf4 c6 8. e3 Bd6 9. Bg5 Be7 10. Bd3 Nbd7 11. O-O Re8 12. Rc1 h6 13. Bh4 Qc7 14.
Bb1 Bd6 15. Qc2 Qb8 16. Ne2 Ne4 17. Nd2 Nxd2 18. Qh7+ Kf8 19. Qh8# 1-0

[Event "Live Chess"]
[Site "Chess.com"]
[Date "2023.05.20"]
[Round "-"]
[White "Delacorta"]
[Black "diana21strabt"]
[Result "1-0"]
[WhiteElo "1439"]
[BlackElo "1661"]
[TimeControl "300"]
[EndTime "12:36:37 PDT"]
[Termination "Delacorta won by resignation"]

1. d4 Nf6 2. Nf3 g6 3. h4 d5 4. Bg5 h6 5. Bxf6 exf6 6. h5 g5 7. e3 Nc6 8. Bb5 Bd7 9. Qe2 a6 10. Ba4 b5 11. Bb3 Be6 12. c3 Bd6 13. Nbd2 Rb8 14.
a4 b4 15. c4 dxc4 16. Bxc4 Bxc4 17. Nxc4 a5 18. Ncd2 Ne7 19. e4 Bf4 20. Nc4 Nc6 21.
g3 Bd6 22. Nxd6+ Qxd6 23. d5 Ne5 24. O-O O-O 25. Nd4 g4 26. Nf5 Nf3+ 27. Kg2 Qe5 28.
Nxh6+ Kh7 29. Nxg4 Qxb2 30. Qxb2 1-0

[Event "Live Chess"]
[Site "Chess.com"]
[Date "2023.05.20"]
[Round "-"]
[White "Ayush_prahlad_Gupta"]
[Black "Demyan7777"]
[Result "1-0"]
[WhiteElo "1791"]
[BlackElo "1661"]
[TimeControl "300"]
[EndTime "12:36:49 PDT"]
[Termination "Ayush_prahlad_Gupta won on time"]

1. e4 c5 2. Nc3 d6 3. Bc4 a6 4. a4 e6 5. Nf3 Nf6 6. d4 cxd4 7.
Nxd4 Be7 8. O-O Nc6 9. Nxc6 bxc6 10. f4 O-O 11. Qf3 d5 12. exd5 cxd5 13. Bd3 Bb7 14. Qg3 d4 15. Ne2 Qd5 16. f5 Bd6 17. Nf4 Bxf4 18. Bxf4 Nh5 19. Qg5 Nxf4 20. Rxf4 f6 21. Qg4 e5 22. Be4 Qc5 23. Bxb7 exf4 24. Bxa8 Rxa8 25. Qxf4 d3+ 26. Kh1 dxc2 27. Rc1 Rd8 28.
Qf3 Qc4 29. h3 Qxa4 30. b3 Qa2 31. Qe2 Qxb3 32. Rxc2 h6 33. Rc7 Qb1+ 34. Kh2 Qxf5 35. Ra7 Qf4+ 36. g3 Rd2 37. gxf4 Rxe2+ 38. Kg3 Ra2 39.
Kg4 Kh7 40. Kf5 a5 41. Ke6 Kg6 42. h4 Re2+ 43. Kd5 Rh2 44. Rxa5 Rxh4 45. Ke4 Rh2 46.
Ra1 Re2+ 47. Kf3 Re8 48. Rg1+ Kf7 49. f5 Re5 50. Kf4 Ra5 51. Rb1 Ra4+ 52. Kg3 Kg8 53. Rb7 Kh7 54. Kf3 h5 55. Kg3 Kh6 56. Kf3 Rg4 57. Rb8 Kg5 58. Rb5 Rf4+ 59. Kg3 Rxf5 60.
Rb8 Kg6 61. Kh4 Rf4+ 62. Kg3 Rg4+ 63. Kh3 f5 64. Rh8 Kg5 65. Rc8 g6 66. Rc5 Kh6 67. Rc7 f4 68. Rc8 f3 69. Rc3 Rf4 70. Kg3 Rf7 71. Rc1 f2 72. Rf1 Kg5 73. Kh3 h4 74.
Kg2 Rf4 75. Kh3 Rf5 76. Kh2 Kg4 77. Kg2 h3+ 78. Kh1 Kg3 79. Re1 1-0

[Event "Live Chess"]
[Site "Chess.com"]
[Date "2023.05.20"]
[Round "-"]
[White "Ferrarifan27"]
[Black "MrBlond89"]
[Result "1-0"]
[WhiteElo "2071"]
[BlackElo "1305"]
[TimeControl "300"]
[EndTime "12:36:55 PDT"]
[Termination "Ferrarifan27 won on time"]

1. e4 e5 2. Nf3 Nc6 3. Bb5 f5 4. d3 Nf6 5. exf5 Nd4 6. Nxd4 exd4 7. O-O c6 8. Bc4 d5 9. Bb3 Bxf5 10. Re1+ Be7 11.
Bf4 O-O 12. Nd2 a5 13. a4 Bb4 14. Be5 Ng4 15. Bxd4 c5 16. Be3 Qh4 17. Nf3 Qf6 18.
c3 Nxe3 19. Rxe3 Bg4 20. Bxd5+ Kh8 21. cxb4 Rad8 22. Bxb7 axb4 23. a5 c4 24. a6 Bc8 25.
Bxc8 Rxc8 26. dxc4 Rxc4 27. a7 Ra8 28. Rd3 Rcc8 29.
b3 Rc3 30. Rxc3 Qxc3 31. Nd4 h6 32. Nb5 Qc5 33. Qd3 Rf8 34. a8=Q Qxf2+ 35. Kh1 Kg8 36. Qxf8+ Kxf8 37. Rf1 1-0

[Event "Live Chess"]
[Site "Chess.com"]
[Date "2023.05.20"]
[Round "-"]
[White "apl_trainer"]
[Black "hturner40"]
[Result "1-0"]
[WhiteElo "1668"]
[BlackElo "1779"]
[TimeControl "300"]
[EndTime "12:37:11 PDT"]
[Termination "apl_trainer won by checkmate"]

1. d4 g6 2. c4 Nf6 3. Nc3 d5 4. cxd5 Nxd5 5. e4 Nxc3 6. bxc3 Bg7 7. Qa4+ Bd7 8. Qa3 O-O 9. Nf3 c5 10. Qxc5 Na6 11. Qa3 Rc8 12. Bg5 Re8 13. Be2 Bc6 14. e5 f6 15. Be3 fxe5 16. Nxe5 Bxg2 17. Rg1 Bd5 18. h4 Nc5 19. dxc5 Bxe5 20. h5 Be4 21. hxg6 hxg6 22. Rd1 Qc7 23. Bd3 Bh2 24. Rg4 Bxd3 25. Rxd3 Qc6 26. Qb3+ e6 27. Qc2 Kf7 28. Rd7+ Qxd7 29.
Qxg6+ Kf8 30. Qg8+ Ke7 31. Bg5# 1-0

[Event "Live Chess"]
[Site "Chess.com"]
[Date "2023.05.20"]
[Round "-"]
[White "SavagePawn7"]
[Black "domrobson"]
[Result "0-1"]
[WhiteElo "792"]
[BlackElo "1719"]
[TimeControl "300"]
[EndTime "12:37:30 PDT"]
[Termination "domrobson won by resignation"]

1. e4 e5 2. d4 exd4 3. c3 d5 4. exd5 Qxd5 5. Qf3 Qe6+ 6. Be2 Nc6 7. Nh3 dxc3 8. Nxc3 Bb4 9. Bd2 Nd4 10. Qd3 Bxc3 11. Bxc3 Nxe2 12. Qxe2 Nf6 13. Nf4 Qxe2+ 14. Nxe2 O-O 15.
Bxf6 gxf6 16. O-O Be6 17. b3 Rad8 18. Rad1 c5 19. Nf4 Kg7 20. Nxe6+ fxe6 21. Rfe1 e5 22. g3 Rd4 23. f4 Rfd8 24. Rxd4 exd4 25. Re7+ Kg6 26. Rxb7 d3 27. Kf2 d2 0-1

[Event "Live Chess"]
[Site "Chess.com"]
[Date "2023.05.20"]
[Round "-"]
[White "JackRudd"]
[Black "vovanada"]
[Result "1-0"]
[WhiteElo "2460"]
[BlackElo "825"]
[TimeControl "300"]
[EndTime "12:37:32 PDT"]
[Termination "JackRudd won by checkmate"]

1. e4 e5 2. Nf3 Nc6 3. Bc4 Nf6 4. Ng5 d5 5. exd5 Nxd5 6. d4 Na5 7. Qf3 f6 8. Bxd5 Qe7 9. Nf7 Rg8 10. O-O c6 11. Nd6+ Qxd6 12. Bxg8 Qxd4 13. Rd1 Qc5 14. Qh5+ g6 15.
Qxh7 Qe7 16. Qxg6+ Qf7 17. Qxf7# 1-0

[Event "Live Chess"]
[Site "Chess.com"]
[Date "2023.05.20"]
[Round "-"]
[White "Conradical12"]
[Black "HoarseyHorsey"]
[Result "1-0"]
[WhiteElo "1575"]
[BlackElo "1386"]
[TimeControl "300"]
[EndTime "12:37:38 PDT"]
[Termination "Conradical12 won by resignation"]

1. e4 c5 2. b4 e6 3. a3 Nc6 4. Nf3 cxb4 5. axb4 Bxb4 6. Bb2 f6 7. Ng5 h6 8. Qh5+ Ke7 9. Qf7+ Kd6 10. Qxg7 Nge7 11. Nf7+ Kc7 12. Nxd8 1-0

[Event "Live Chess"]
[Site "Chess.com"]
[Date "2023.05.20"]
[Round "-"]
[White "rmethornhill"]
[Black "Tilbs_12"]
[Result "0-1"]
[WhiteElo "1174"]
[BlackElo "1562"]
[TimeControl "300"]
[EndTime "12:37:50 PDT"]
[Termination "Tilbs_12 won on time"]

1. d4 d5 2. c4 c6 3. Nf3 Nf6 4. Nc3 dxc4 5. Bg5 b5 6. e3 Bg4 7.
a4 b4 8. Na2 a5 9. Bxc4 e6 10. h3 Bh5 11. Be2 Nbd7 12. Rc1 c5 13. Bb5 Be7 14. Rxc5 Bxc5 15. dxc5 O-O 16. Bxd7 Qxd7 17.
Bxf6 Qxd1+ 18. Kxd1 gxf6 19. Nc1 e5 20. g4 Bg6 21. g5 Be4 22. Ke2 fxg5 23. Rg1 Bxf3+ 24. Kxf3 h6 25. h4 f6 26. hxg5 hxg5 27. Ne2 Rfc8 28. Rc1 Rc6 29. Ng3 Kg7 30. Nf5+ Kf7 31. Nd6+ Ke6 32.
Kg4 Rh8 33. Nf5 Rhc8 34. Rd1 Rxc5 35. Rd6+ Kf7 36. Rd7+ Kf8 37. Rd6 R8c6 38. Rd8+ Kf7 39. Nd6+ Ke7 40. Nb7 Rc2 41. Rh8 Rc7 42. Rh7+ Ke6 43.
Rxc7 Rxc7 44. Nxa5 Rc2 45. b3 Rxf2 46. Nc4 Rg2+ 47.
Kf3 Ra2 48. Kg4 Kf7 49. e4 Kg6 50. Nd6 Ra1 51. Nc4 Rg1+ 52. Kf3 Kh5 53. a5 g4+ 54. Kf2 Ra1 55. Kg3 Ra2 56. Ne3 Rxa5 57. Nc4 Ra1 58. Nb6 Rg1+ 59. Kf2 Rb1 60. Nd5 Rxb3 61. Nxf6+ Kh4 62.
Nd7 Rb2+ 0-1

[Event "Live Chess"]
[Site "Chess.com"]
[Date "2023.05.20"]
[Round "-"]
[White "fretle"]
[Black "BostonStrangler"]
[Result "0-1"]
[WhiteElo "1862"]
[BlackElo "2073"]
[TimeControl "300"]
[EndTime "12:37:53 PDT"]
[Termination "BostonStrangler won by resignation"]

1. f4 g6 2. Nf3 Bg7 3. Nc3 c5 4.
e3 a6 5. b3 Nf6 6. Bb2 O-O 7. d3 b5 8. Be2 d6 9. O-O Bb7 10. h3 Nbd7 11. e4 Nh5 12. Nh2 Bd4+ 13. Rf2 Nxf4 14. Qd2 e5 15. Nd1 Nxe2+ 16. Qxe2 Bxf2+ 17. Nxf2 f5 18. Rf1 f4 19. Nd1 Nf6 20. Nf3 Nh5 21.
Qf2 Ng3 22. Bc1 Nxf1 23. Kxf1 Qa5 24. a3 Qc7 25. Nc3 Bc6 26. Nd5 Bxd5 27. exd5 Qf7 28. c4 Qf5 29. Qe2 bxc4 30. dxc4 e4 31. Nd2 Rae8 32. Kg1 f3 33. Qe3 Qe5 34. Nf1 f2+ 35.
Kh1 Qh5 36. Bd2 Rf3 0-1

[Event "Live Chess"]
[Site "Chess.com"]
[Date "2023.05.20"]
[Round "-"]
[White "OSmith06"]
[Black "GMHarry-youtube"]
[Result "0-1"]
[WhiteElo "1666"]
[BlackElo "2105"]
[TimeControl "300"]
[EndTime "12:37:54 PDT"]
[Termination "GMHarry-youtube won by resignation"]

1. e4 c5 2. Nf3 d6 3. d4 cxd4 4. Nxd4 Nf6 5. Nc3 g6 6. Be3 Bg7 7. f3 O-O 8. Qd2 Nc6 9. O-O-O d5 10. exd5 Nxd5 11. Nxd5 Qxd5 12. Kb1 Nxd4 13. Bxd4 Be6 14.
c4 Bf5+ 15. Ka1 Qd6 16. Bxg7 Qxd2 17. Rxd2 Kxg7 18. g4 Be6 19. h4 Rad8 20. Rhh2 Rd6 21. Rxd6 exd6 22. Rd2 Rc8 23. b3 Rd8 24. c5 d5 25. Be2 a5 26. f4 Rc8 27. Rc2 f5 28. g5 Kf7 29. h5 Ke7 30. h6 Kd7 31. Bb5+ Kc7 32. c6 Kb8 33. Kb2 b6 34. Re2 Bf7 35.
Re7 Rc7 36. Re5 Kc8 37. Ba6+ Kd8 38. Kc3 Rxc6+ 39. Kd4 Rd6 40. Bb5 Be6 41. Re1 Bd7 42. Bxd7 Kxd7 43. Re5 Re6 44. Rxd5+ Kc7 45. Re5 Rd6+ 46.
Rd5 Re6 47. Re5 Kd6 48. Rxe6+ Kxe6 49. a4 Kd6 50. Kc4 Kc6 51. Kd4 b5 52. axb5+ Kxb5 53. Kc3 Kc5 54. Kd3 Kb4 55. Kc2 Ka3 56. Kc3 Ka2 57.
Kc4 Kb2 58. Kb5 Kxb3 59. Kxa5 Kc4 60. Kb6 Kd4 61. Kc7 Ke4 62. Kd7 Kxf4 63. Ke7 Kxg5 64. Kf7 Kxh6 65. Kf6 Kh5 66. Kg7 Kg4 67. Kxh7 f4 68.
Kxg6 f3 69. Kg7 f2 0-1

[Event "Live Chess"]
[Site "Chess.com"]
[Date "2023.05.20"]
[Round "-"]
[White "chessfiction"]
[Black "WilliamofOrange16th"]
[Result "1-0"]
[WhiteElo "2410"]
[BlackElo "1854"]
[TimeControl "300"]
[EndTime "12:37:54 PDT"]
[Termination "chessfiction won by resignation"]

1. e4 d6 2. d4 Nf6 3. Nc3 Nbd7 4. f4 e5 5. Nf3 exd4 6. Nxd4 g6 7. Bc4 Bg7 8. O-O O-O 9. Be3 Re8 10. Qf3 c6 11. Rae1 Nc5 12. e5 dxe5 13. fxe5 Rxe5 14. Nb3 Nxb3 15. Bxb3 Rf5 16. Bf4 Nd5 17. Nxd5 cxd5 18. Qg3 Be6 19. Re2 Qb6+ 20. Kh1 a5 21. a4 Bxb2 22.
Rfe1 Bg7 23. h3 Re8 24. Be3 d4 25. Bg1 Qc6 26. Qg4 Bd7 27. Rxe8+ Bxe8 28. Bxd4 Bd7 29. Bxg7 Rf1+ 30. Rxf1 Bxg4 31. Rxf7 Be6 32. Bxe6 Qxe6 33. Rxb7 Qc6 34. Ra7 Qxa4 35. Bc3 Qc4 36. Ra8+ Kf7 37.
Ra7+ Ke6 38. Bxa5 Qxc2 39. Bc7 Qc1+ 40. Kh2 Qd1 41. Bg3 h5 42. Ra6+ Kf5 43. Ra5+ Kf6 44.
h4 Qd3 45. Rg5 Qe2 46. Rd5 Qe4 47. Rd6+ Kf7 48. Rd7+ Kf6 49. Rd2 Qe3 50. Rf2+ Kg7 51. Ra2 Qe6 52. Ra7+ Kg8 53. Bf4 Qf5 54. Bg5 Qg4 55.
Ra8+ Kf7 56. Ra7+ Ke6 57. Ra6+ Kd7 58. Rf6 Qe4 59. Rf4 Kc6 60. Rxe4 1-0

[Event "Live Chess"]
[Site "Chess.com"]
[Date "2023.05.20"]
[Round "-"]
[White "CheckThis4"]
[Black "Stanbad1"]
[Result "1-0"]
[WhiteElo "2565"]
[BlackElo "2426"]
[TimeControl "300"]
[EndTime "12:37:55 PDT"]
[Termination "CheckThis4 won by resignation"]

1. d4 Nf6 2. Bg5 Ne4 3. Bf4 c5 4. f3 Qa5+ 5. c3 Nf6 6. d5 e6 7. e4 exd5 8. exd5 d6 9. Na3 Nbd7 10. Nc4 Qc7 11. a4 b6 12. Nh3 Bb7 13. Qe2+ Kd8 14. Ng5 Bxd5 15. O-O-O h6 16. Rxd5 Nxd5 17. Nxf7+ Kc8 18.
Bxd6 Bxd6 19. Ncxd6+ Kb8 20. Qe6 Nf4 21. Qe4 Rf8 22.
Qxf4 Rxf7 23. Qxf7 Qxd6 24. Bb5 Ne5 25. Qxg7 a6 26.
Rd1 Qc7 27. Qxc7+ Kxc7 28. Be2 Rg8 29. g3 Rf8 30. f4 Nc6 31. Bf3 Na5 32. Kc2 Nc4 33.
Re1 Rd8 34. b3 Rd2+ 35. Kc1 Rd3 36. Kc2 Rd2+ 37. Kc1 Rd3 38. bxc4 Rxc3+ 39. Kb2 Rxf3 40. Re7+ Kc6 41. Re6+ Kc7 42. Rxh6 Rf2+ 43. Kc3 Rf3+ 44. Kc2 Rf2+ 45. Kd3 Rf3+ 46. Ke4 Ra3 47. f5 Rxa4 48. Kd5 Ra1 49. Rh7+ Kd8 50. g4 Rf1 51. h4 a5 52.
h5 a4 53. Ra7 Rf4 54. h6 Rxg4 55. h7 Rh4 56. h8=Q+ 1-0